 Dungeon Crawl Stone Soup version 0.30.0-16-gbe6223bb7e (webtiles) character file.

Game seed: 11163057879831068066

7601 minhee2137 the Basher (level 10, -1/77 HPs)
             Began as a Demonspawn Berserker on May 19, 2023.
             Was an Elder of Trog.
             Succumbed to a killer bee's poison
             ... on level 9 of the Dungeon on May 20, 2023.
             The game lasted 00:34:34 (7920 turns).

minhee2137 the Basher (Demonspawn Berserker)        Turns: 7920, Time: 00:34:34

Health: -1/77      AC: 15    Str: 20    XL:     10   Next: 97%
Magic:  2/10       EV: 13    Int:  9    God:    Trog [****..]
Gold:   466        SH: 16    Dex: 20    Spells: 9/9 levels left

rFire   + . .        w - +2 flail (heavy)
rCold   + . .        h - +4 kite shield
rNeg    . . .        L - +3 ring mail
rPois   +            (no helmet)
rElec   +            t - +0 cloak
rCorr   +            j - +0 pair of gloves
SInv    .            d - +0 pair of boots
Will    .....        n - amulet of Ogaummadgh {Faith Rampage rPois Dex+6}
Stlth   +            (no ring)
HPRegen 0.32/turn    (no ring)
MPRegen 0.24/turn

%: guardian spirit, rampage, faith
@: mighty, lethally poisoned (-1 -> -10), resistant, on berserk cooldown,
slowed, very slow
A: magic shield, magic regeneration, sharp scales 2
a: Renounce Religion, Berserk, Trog's Hand, Brothers in Arms


You were on level 9 of the Dungeon.
You worshipped Trog.
Trog was greatly pleased with you.
You visited 1 branch of the dungeon, and saw 9 of its levels.
You also visited: Sewer.

You collected 466 gold pieces.

Inventory:

Hand Weapons
 a - a +0 mace
 c - a +3 short sword
 f - a +1 short sword of speed
 g - a +2 mace of draining
 i - a +4 quarterstaff of chaos
 l - a +3 long sword of freezing
 s - a +4 flail
 w - a +2 heavy flail (weapon)
 z - a +2 whip of flaming
 B - a +1 flail of draining
 F - a +2 spear of freezing
 G - a +3 mace
 H - a +0 hand axe of electrocution
 J - a +2 trident of protection
Missiles
 o - a throwing net
Armour
 b - a +0 animal skin
 d - a +0 pair of boots (worn)
 e - a +0 chain mail
 h - a +4 kite shield (worn)
 j - a +0 pair of gloves (worn)
 t - a +0 cloak (worn)
 y - the +0 robe of Joggol {Contam rPois rN+}
   (You found it on level 5 of the Dungeon)

   rPois:     It protects you from poison.
   rN:        It protects you from negative energy.
   Contam:    It causes magical contamination when unequipped.
 A - a +2 robe of willpower
 I - a +0 helmet
 L - a +3 ring mail (worn)
Magical Staves
 C - a staff of air
 K - a staff of poison
Jewellery
 n - the amulet of Ogaummadgh (around neck) {Faith Rampage rPois Dex+6}
   (You found it on level 3 of the Dungeon)

   [amulet of faith]

   It allows you to gain divine favour quickly.
   Dex:       It affects your dexterity (+6).
   rPois:     It protects you from poison.
   Rampage:   It bestows one free step when moving towards enemies.
 D - a +6 ring of strength
Wands
 E - a wand of polymorph (13) (quivered)
Scrolls
 k - 2 scrolls of torment
 p - 3 scrolls of teleportation
 q - a scroll of noise
 u - a scroll of magic mapping
 v - 2 scrolls of identify
Potions
 m - 2 potions of attraction
 r - a potion of cancellation
 x - a potion of brilliance
 M - a potion of invisibility


   Skills:
 + Level 6.4 Fighting
 + Level 1.3 Short Blades
 + Level 9.1 Maces & Flails
 + Level 6.2 Armour
 + Level 5.0 Dodging
 + Level 1.3 Stealth
 + Level 8.7 Shields


You had 9 spell levels left.
You didn't know any spells.
Your spell library contained the following spells:

 Spells                   Type           Power      Damage    Failure   Level
 Apportation              Tloc           0%         N/A       78%         1
 Shock                    Conj/Air       0%         1d3       78%         1
 Blink                    Tloc           0%         N/A       89%         2
 Lesser Beckoning         Tloc           0%         N/A       89%         2
 Momentum Strike          Conj/Tloc      0%         3d8       89%         2
 Ozocubu's Armour         Ice            0%         N/A       98%         3
 Swiftness                Air            0%         N/A       98%         3
 Airstrike                Air            0%         2d(0-16)  100%        4
 Alistair's Intoxication  Tmut/Pois      0%         N/A       100%        5
 Metabolic Englaciation   Hex/Ice        0%         N/A       100%        5
 Simulacrum               Ice/Necr       0%         N/A       100%        6


Dungeon Overview and Level Annotations

Branches:
Dungeon (9/15)             Temple (0/1) D:5           Sewer (visited)
   Lair: D:8-11         Orc: D:9-12

Altars:
Qazlal

Shops:
D:7 ?


Innate Abilities, Weirdness & Mutations

When hurt, damage is shared between your health and your magic reserves.
You regenerate magic rapidly.
You are mostly covered in razor-sharp scales. (AC +2, Slay +2)


Message History

* * * LOW HITPOINT WARNING * * *
The yak gores you.
* * * LOW HITPOINT WARNING * * *
The killer bee stings you but does no damage.
The killer bee stings you.
* * * LOW HITPOINT WARNING * * *
You bludgeon the yak!!
You kill the yak!
Trog accepts your kill.
You feel sick. You block the killer bee's attack.
The killer bee barely misses you. You block the killer bee's attack.
The killer bee closely misses you. You block the killer bee's attack.
The killer bee stings you but does no damage.
The killer bee closely misses you. The killer bee stings you.
* * * LOW HITPOINT WARNING * * *
You feel sick.
You are no longer poisoned.
The killer bee stings you.
* * * LOW HITPOINT WARNING * * *
The killer bee stings you.
* * * LOW HITPOINT WARNING * * *
The killer bee closely misses you. You block the killer bee's attack.
The killer bee stings you but does no damage.
You block the killer bee's attack.
Items here: †††††.
You barely miss the killer bee. The killer bee stings you.
* * * LOW HITPOINT WARNING * * *
The killer bee misses you. The killer bee barely misses you.
The killer bee misses you. You block the killer bee's attack.
The killer bee stings you.
* * * LOW HITPOINT WARNING * * *
The killer bee closely misses you. You block the killer bee's attack. x2
The killer bee stings you.
* * * LOW HITPOINT WARNING * * *
You are lethally poisoned!
The killer bee poisons you!
You bludgeon the killer bee!!
You kill the killer bee!
Trog accepts your kill.
You die...

###+####### #
#.........# # ##+######
#.........####
........###.........##.'
.......y#.'.........##.#
.......@'.#.........##.#
........###.........##.#
........# #.........'..#
........# #.........####
........# ###########
#########


You could see a killer bee.

Vanquished Creatures
  A two-headed ogre (D:9)
  Pikel (D:5)
  A troll (D:9)
  Grinder (D:4)
  Prince Ribbit (D:6)
  A hornet (D:9)
  10 yaks
  A vampire (D:9)
  A steam dragon (D:7)
  4 orc warriors
  An ice beast (D:5)
  2 sky beasts (D:6)
  An ogre (D:5)
  A black bear (D:6)
  A phantom (D:4)
  3 centaurs
  7 scorpions
  3 bullfrogs
  7 wights
  8 killer bees
  2 howler monkeys
  8 hounds
  3 jellies
  A gnoll bouda (D:7)
  4 orc priests
  2 sleepcaps
  Crazy Yiuf (D:4)
  7 iguanas
  Terence (D:2)
  Natasha (twice) (D:4)
  4 orc wizards
  5 gnolls (D:7)
  15 adders
  2 river rats (Sewer)
  3 white imps
  4 worms
  A dart slug (D:1)
  26 orcs
  5 endoplasms
  2 giant cockroaches
  5 goblins
  8 hobgoblins
  3 jackals
  8 kobolds
  7 quokkas
  5 ball pythons
  2 bats
  6 frilled lizards
  10 rats
208 creatures vanquished.

Vanquished Creatures (collateral kills)
  A water moccasin (D:7)
  3 killer bees (D:8)
  A jelly (D:7)
  4 gnolls
  A shadow imp (D:8)
10 creatures vanquished.

Grand Total: 218 creatures vanquished

Notes
Turn   | Place    | Note
-------+----------+-------------------------------------------
     0 | D:1      | minhee2137 the Demonspawn Berserker began the quest for the
                  | Orb.
     0 | D:1      | Reached XP level 1. HP: 18/18 MP: 1/1
   244 | D:1      | Found a faded altar of an unknown god.
   377 | D:1      | Gained mutation: You are partially covered in razor-sharp
                  | scales. (AC +1, Slay +1) [demonic ancestry]
   377 | D:1      | Reached XP level 2. HP: 24/24 MP: 2/2
   457 | D:1      | Reached skill level 3 in Maces & Flails
   768 | D:2      | Noticed Terence
   781 | D:2      | Killed Terence
   782 | D:2      | Reached skill level 1 in Short Blades
   782 | D:2      | Gained mutation: You are mostly covered in razor-sharp
                  | scales. (AC +2, Slay +2) [demonic ancestry]
   782 | D:2      | Reached XP level 3. HP: 17/28 MP: 3/3
   889 | D:2      | Reached ** piety under Trog
   932 | D:2      | Reached XP level 4. HP: 35/35 MP: 4/4
  2007 | D:3      | Identified the amulet of Ogaummadgh {Faith Rampage rPois
                  | Dex+6}
  2035 | D:3      | Noticed a scorpion
  2040 | D:3      | Killed a scorpion
  2041 | D:3      | Reached XP level 5. HP: 40/42 MP: 5/5
  2225 | D:3      | Found a glowing drain.
  2313 | Sewer    | Entered a sewer
  2426 | Sewer    | Reached skill level 1 in Shields
  2431 | Sewer    | Reached *** piety under Trog
  2451 | Sewer    | Reached XP level 6. HP: 48/48 MP: 6/6
  2486 | Sewer    | Reached skill level 4 in Maces & Flails
  3055 | D:4      | Found a runed translucent door.
  3056 | D:4      | Noticed Crazy Yiuf
  3062 | D:4      | Killed Crazy Yiuf
  3162 | D:4      | Noticed Natasha
  3168 | D:4      | Killed Natasha
  3355 | D:4      | Noticed Grinder
  3370 | D:4      | Paralysed by Grinder for 3 turns
  3379 | D:4      | Paralysed by Grinder for 4 turns
  3384 | D:4      | Paralysed by Grinder for 3 turns
  3397 | D:4      | Killed Grinder
  3398 | D:4      | Reached skill level 5 in Maces & Flails
  3398 | D:4      | Gained mutation: You regenerate magic rapidly. [demonic
                  | ancestry]
  3398 | D:4      | Reached XP level 7. HP: 43/54 MP: 7/7
  3915 | D:4      | Noticed Natasha
  3930 | D:4      | Killed Natasha
  4083 | D:4      | Reached **** piety under Trog
  4113 | D:4      | Reached XP level 8. HP: 54/61 MP: 8/8
  4193 | D:5      | Entered Level 5 of the Dungeon
  4399 | D:5      | Reached skill level 6 in Maces & Flails
  4421 | D:5      | Identified the +0 robe of Joggol {Contam rPois rN+}
  4618 | D:5      | Noticed Pikel
  4630 | D:5      | Killed Pikel
  4631 | D:5      | Reached skill level 5 in Fighting
  4631 | D:5      | Reached skill level 7 in Maces & Flails
  4631 | D:5      | Reached skill level 1 in Stealth
  4631 | D:5      | Reached XP level 9. HP: 42/68 MP: 9/9
  4633 | D:5      | Reached skill level 5 in Shields
  4717 | D:5      | Found a staircase to the Ecumenical Temple.
  5199 | D:6      | Noticed Prince Ribbit
  5206 | D:6      | Killed Prince Ribbit
  5207 | D:6      | Reached skill level 5 in Armour
  5336 | D:6      | Reached skill level 8 in Maces & Flails
  5817 | D:7      | Upgraded the game from 0.30.0-15-g856e2d3f33 to
                  | 0.30.0-16-gbe6223bb7e
  5836 | D:7      | Found Pigiahoo's Magic Scroll Shop.
  6475 | D:8      | Gained mutation: When hurt, damage is shared between your
                  | health and your magic reserves. [demonic ancestry]
  6475 | D:8      | Reached XP level 10. HP: 59/76 MP: 10/10
  7193 | D:8      | Found a stormy altar of Qazlal.
  7690 | D:9      | Noticed a two-headed ogre
  7700 | D:9      | Killed a two-headed ogre
  7893 | D:9      | Reached skill level 9 in Maces & Flails
  7911 | D:9      | Reached skill level 5 in Dodging
  7919 | D:9      | HP: 3/77 [killer bee (2)]
  7920 | D:9      | Succumbed to a killer bee's poison

Illustrated notes

Levels and vault maps discovered:
D:1:      lightli_arrival_windingriver, layout_loops_ring,
          hellmonk_ecumenical_altar_heavens_door
D:2:      layout_basic, uniq_terence
D:3:      layout_basic, portal_sewer_entry_a
D:4:      minmay_chambers_of_fours, layout_basic, goddamned_bats,
          uniq_blork_the_orc, uniq_grinder, uniq_natasha,
          uniq_crazy_yiuf_cottage
D:5:      minmay_razor_zed, layout_basic, minmay_temple_entry_offerings,
          minivault_5, chequers_hall_statues_corner_a, kennysheep_potato,
          uniq_pikel
D:6:      layout_basic, uniq_prince_ribbit1
D:7:      layout_loops_cross, serial_shops, shop
D:8:      layout_basic, kennysheep_mini_moat
D:9:      layout_roguey, mainiacjoe_overflow_six_doors_small

Skill      XL: |  1  2  3  4  5  6  7  8  9 10 |
---------------+-------------------------------+-----
Maces & Flails | 3 5 7 8 9 |  9.1
Dodging        | 2 3 4 5 |  5.0
Short Blades   | 1 |  1.3
Armour         | 2 3 4 5 6 |  6.2
Shields        | 1 2 3 4 6 8 |  8.7
Fighting       | 4 5 6 |  6.4
Stealth        | 1 |  1.3

Action                     |  1- 3 |  4- 6 |  7- 9 | 10-12 || total
---------------------------+-------+-------+-------+-------++-------
  Melee: Mace              |    26 |   175 |    49 |       ||   250
         Short sword       |    49 |       |       |       ||    49
         Punch             |     1 |       |       |       ||     1
         Unarmed           |       |       |     3 |       ||     3
         Flail             |       |       |   144 |   118 ||   262
 Invoke: Berserk           |     2 |     3 |     9 |     8 ||    22
         Trog's Hand       |       |     1 |     3 |       ||     4
         Brothers in Arms  |       |       |     2 |     1 ||     3
    Use: Scroll            |     2 |     8 |     1 |     6 ||    17
         Potion            |     2 |     8 |     6 |     2 ||    18
   Stab: Sleeping          |     1 |       |       |       ||     1
 Armour: Animal skin       |     9 |       |       |       ||     9
         Chain mail        |    15 |    98 |   168 |    72 ||   353
         Skin              |       |       |    11 |       ||    11
         Ring mail         |       |       |       |    59 ||    59
  Dodge: Dodged            |    52 |    75 |   157 |   137 ||   421
  Block: Kite shield       |     2 |   129 |   274 |   233 ||   638
